[ AOE2 MATCH · #507210456 ]
UnrankedMapuche vs Lithuanians
Player's team · WIN
[ REPLAY ANALYSIS · EXTRACTED FROM THE RECORDED GAME ]
Feudal
8:26
Castle
20:59
Imperial
45:27
| APM avg | 62.6 |
| APM peak | 138 |
| eAPM avg | 35.7 |
| Villagers / military | 172 / 254 |
Focus
⚔️ 61.1% · 🌾 38.9%
Skirmisher ×133 · Kona ×63 · Spearman ×24 · Petard ×13 · Bolas Rider ×12 · Trebuchet (Packed) ×6
Feudal
9:06
Castle
24:28
Imperial
42:11
| APM avg | 64.4 |
| APM peak | 106 |
| eAPM avg | 28.1 |
| Villagers / military | 125 / 139 |
Focus
⚔️ 31.9% · 🌾 68.1%
Skirmisher ×64 · Spearman ×34 · Leitis ×15 · Militia ×8 · Scout Cavalry ×7 · Monk ×5
Match map
Initial resources + every placement click. Lines = walls · curves = elevation contours. ◆ gold · ⬟ stone · ● berries · ✦ relic · ◌ wall gap
Your base· ✓ Closed at 20:59 · 50t walls · no gate
seabook's base· Open — opponent sealed themselves in
Smoothed initial terrain · ◌ = detected wall gap · hover for details
Inputs per minute
— 啊这 - - seabook
Build order — 啊这
First 150 of 528 actions detected
| 0:00 | Queue | Villager (Male) |
| 0:01 | Queue | Villager (Male) |
| 0:02 | Build | House |
| 0:02 | Build | House |
| 0:06 | Queue | Villager (Male) |
| 0:11 | Queue | Villager (Male) |
| 1:31 | Queue | Villager (Male) |
| 1:50 | Queue | Villager (Male) |
| 2:00 | Build | House |
| 2:20 | Queue | Villager (Male) |
| 2:33 | Queue | Villager (Male) |
| 3:21 | Queue | Villager (Male) |
| 3:23 | Queue | Villager (Male) |
| 3:29 | Queue | Villager (Male) |
| 3:35 | Build | Settlement |
| 3:41 | Queue | Villager (Male) |
| 3:54 | Queue | Villager (Male) |
| 4:20 | Queue | Villager (Male) |
| 5:44 | Research | Loom |
| 6:15 | Research | Feudal Age |
| 6:20 | Build | Palisade Wall |
| 6:44 | Build | Settlement |
| 6:53 | Build | Settlement |
| 7:18 | Build | Palisade Wall |
| 7:35 | Build | Palisade Wall |
| 7:43 | Build | Palisade Wall |
| 7:45 | Queue | Villager (Male) |
| 7:52 | Build | Palisade Wall |
| 7:58 | Build | Palisade Wall |
| 7:59 | Build | House |
| 8:01 | Queue | Villager (Male) |
| 8:12 | Build | Settlement |
| 8:13 | Queue | Villager (Male) |
| 8:16 | Queue | Villager (Male) |
| 8:24 | Build | Palisade Wall |
| 8:26 | Age | Feudal Age |
| 8:32 | Research | Double-Bit Axe |
| 8:43 | Queue | Villager (Male) |
| 9:17 | Queue | Spearman |
| 9:17 | Queue | Spearman |
| 9:21 | Build | House |
| 9:35 | Build | House |
| 9:40 | Queue | Villager (Male) |
| 9:49 | Build | Palisade Wall |
| 9:53 | Build | Farm |
| 9:56 | Build | Farm |
| 9:56 | Queue | Villager (Male) |
| 9:58 | Build | Farm |
| 10:02 | Queue | Spearman |
| 10:02 | Queue | Spearman |
| 10:04 | Queue | Villager (Male) |
| 10:08 | Build | House |
| 10:15 | Build | Palisade Wall |
| 10:19 | Queue | Skirmisher |
| 10:19 | Queue | Skirmisher |
| 10:22 | Queue | Skirmisher |
| 10:22 | Queue | Skirmisher |
| 10:37 | Queue | Villager (Male) |
| 10:40 | Build | Farm |
| 10:50 | Queue | Villager (Male) |
| 10:53 | Queue | Villager (Male) |
| 10:58 | Queue | Skirmisher |
| 10:58 | Queue | Skirmisher |
| 11:01 | Queue | Skirmisher |
| 11:08 | Build | Palisade Wall |
| 11:29 | Queue | Villager (Male) |
| 11:33 | Build | Farm |
| 11:37 | Queue | Skirmisher |
| 11:48 | Queue | Skirmisher |
| 11:48 | Queue | Skirmisher |
| 11:49 | Queue | Villager (Male) |
| 11:58 | Build | Watch Tower |
| 12:02 | Queue | Villager (Male) |
| 12:05 | Queue | Skirmisher |
| 12:05 | Queue | Skirmisher |
| 12:25 | Queue | Skirmisher |
| 12:25 | Queue | Skirmisher |
| 12:37 | Queue | Skirmisher |
| 12:38 | Queue | Villager (Male) |
| 13:03 | Queue | Skirmisher |
| 13:03 | Queue | Skirmisher |
| 13:05 | Queue | Villager (Male) |
| 13:08 | Build | Farm |
| 13:12 | Build | Farm |
| 13:47 | Build | Farm |
| 13:51 | Build | Farm |
| 14:01 | Build | Settlement |
| 14:01 | Queue | Villager (Male) |
| 14:01 | Queue | Villager (Male) |
| 14:02 | Queue | Villager (Male) |
| 14:11 | Build | Farm |
| 14:12 | Queue | Villager (Male) |
| 14:16 | Queue | Skirmisher |
| 14:17 | Queue | Skirmisher |
| 14:20 | Queue | Skirmisher |
| 14:21 | Queue | Skirmisher |
| 14:42 | Build | Farm |
| 14:48 | Queue | Villager (Male) |
| 14:59 | Queue | Villager (Male) |
| 15:13 | Queue | Villager (Male) |
| 15:17 | Build | Blacksmith |
| 15:22 | Queue | Villager (Male) |
| 16:19 | Build | Market |
| 16:48 | Build | Watch Tower |
| 17:18 | Research | Padded Archer Armor |
| 17:57 | Build | House |
| 18:12 | Queue | Villager (Male) |
| 18:16 | Research | Castle Age |
| 18:16 | Research | Castle Age |
| 18:20 | Queue | Skirmisher |
| 18:20 | Queue | Skirmisher |
| 18:20 | Queue | Skirmisher |
| 18:48 | Queue | Villager (Male) |
| 19:21 | Queue | Spearman |
| 19:21 | Queue | Spearman |
| 19:21 | Queue | Spearman |
| 19:36 | Research | Fletching |
| 20:22 | Build | Farm |
| 20:34 | Queue | Villager (Male) |
| 20:59 | Age | Castle Age |
| 21:07 | Build | Castle |
| 21:28 | Queue | Villager (Male) |
| 21:28 | Queue | Villager (Male) |
| 22:30 | Queue | Skirmisher |
| 22:48 | Queue | Villager (Male) |
| 23:06 | Queue | Villager (Male) |
| 23:10 | Build | Settlement |
| 23:13 | Queue | Villager (Male) |
| 23:20 | Queue | Kona |
| 23:20 | Queue | Kona |
| 23:20 | Queue | Kona |
| 23:20 | Queue | Kona |
| 23:24 | Queue | Villager (Male) |
| 24:01 | Queue | Villager (Male) |
| 24:03 | Build | Farm |
| 24:10 | Build | Farm |
| 24:11 | Queue | Villager (Male) |
| 24:13 | Build | Farm |
| 24:15 | Build | Farm |
| 24:26 | Queue | Kona |
| 24:29 | Queue | Villager (Male) |
| 24:34 | Build | Farm |
| 24:49 | Build | Farm |
| 24:51 | Build | Farm |
| 24:58 | Queue | Kona |
| 25:04 | Build | Farm |
| 25:06 | Build | Farm |
| 25:08 | Queue | Villager (Male) |
| 25:28 | Queue | Villager (Male) |
| 25:29 | Queue | Kona |
Build order — seabook
First 150 of 410 actions detected
| 0:01 | Queue | Villager (Male) |
| 0:02 | Build | House |
| 0:04 | Build | House |
| 0:07 | Queue | Villager (Male) |
| 0:07 | Queue | Villager (Male) |
| 0:07 | Queue | Villager (Male) |
| 0:10 | Queue | Villager (Male) |
| 0:10 | Queue | Villager (Male) |
| 1:40 | Queue | Villager (Male) |
| 2:03 | Build | Lumber Camp |
| 2:11 | Queue | Villager (Male) |
| 2:15 | Queue | Villager (Male) |
| 2:29 | Queue | Villager (Male) |
| 2:34 | Build | House |
| 4:04 | Queue | Villager (Male) |
| 4:25 | Queue | Villager (Male) |
| 4:37 | Queue | Villager (Male) |
| 4:42 | Queue | Villager (Male) |
| 4:56 | Build | Barracks |
| 5:07 | Queue | Villager (Male) |
| 5:54 | Build | Mining Camp |
| 6:20 | Research | Loom |
| 6:56 | Research | Feudal Age |
| 6:56 | Research | Feudal Age |
| 7:09 | Build | House |
| 7:39 | Queue | Militia |
| 8:03 | Build | Mining Camp |
| 8:05 | Queue | Militia |
| 8:17 | Queue | Militia |
| 8:28 | Queue | Militia |
| 9:06 | Age | Feudal Age |
| 9:32 | Queue | Villager (Male) |
| 9:34 | Build | Outpost |
| 9:41 | Build | Mill |
| 9:54 | Build | Watch Tower |
| 10:04 | Queue | Villager (Male) |
| 10:30 | Queue | Villager (Male) |
| 10:36 | Build | Farm |
| 10:39 | Build | House |
| 11:02 | Build | Palisade Wall |
| 11:03 | Build | Palisade Wall |
| 11:04 | Build | Palisade Wall |
| 11:04 | Build | Palisade Wall |
| 11:14 | Research | Man-at-Arms (upgrade) |
| 11:37 | Build | Watch Tower |
| 11:41 | Build | Farm |
| 11:43 | Queue | Villager (Male) |
| 11:58 | Queue | Villager (Male) |
| 12:02 | Build | Farm |
| 12:15 | Build | Watch Tower |
| 12:25 | Queue | Villager (Male) |
| 12:37 | Build | Farm |
| 12:37 | Queue | Villager (Male) |
| 12:52 | Build | Blacksmith |
| 12:58 | Queue | Villager (Male) |
| 13:04 | Build | Farm |
| 13:05 | Build | Farm |
| 13:28 | Build | Palisade Wall |
| 13:30 | Build | Palisade Wall |
| 13:35 | Build | House |
| 13:43 | Build | House |
| 13:44 | Research | Fletching |
| 14:26 | Research | Double-Bit Axe |
| 14:28 | Build | House |
| 14:29 | Queue | Villager (Male) |
| 14:45 | Queue | Villager (Male) |
| 15:00 | Build | Stable |
| 15:15 | Queue | Villager (Male) |
| 15:23 | Build | Watch Tower |
| 15:32 | Queue | Villager (Male) |
| 15:46 | Research | Scale Barding Armor |
| 15:51 | Build | Farm |
| 15:52 | Queue | Villager (Male) |
| 16:03 | Queue | Scout Cavalry |
| 16:34 | Queue | Villager (Male) |
| 16:42 | Research | Horse Collar |
| 17:24 | Queue | Scout Cavalry |
| 17:36 | Queue | Villager (Male) |
| 17:42 | Build | Farm |
| 17:43 | Build | Farm |
| 17:48 | Build | Market |
| 18:05 | Queue | Scout Cavalry |
| 18:40 | Queue | Scout Cavalry |
| 18:45 | Queue | Villager (Male) |
| 19:01 | Queue | Scout Cavalry |
| 19:03 | Queue | Villager (Male) |
| 19:10 | Build | Farm |
| 19:10 | Build | Farm |
| 19:27 | Build | Farm |
| 19:29 | Build | Farm |
| 19:32 | Queue | Villager (Male) |
| 20:13 | Queue | Villager (Male) |
| 20:19 | Queue | Scout Cavalry |
| 20:27 | Build | Stable |
| 20:36 | Build | Archery Range |
| 21:48 | Research | Castle Age |
| 21:48 | Research | Castle Age |
| 22:30 | Build | Barracks |
| 22:32 | Research | Scale Mail Armor |
| 22:45 | Build | House |
| 22:47 | Build | House |
| 22:49 | Build | House |
| 22:56 | Build | House |
| 23:06 | Build | Farm |
| 23:19 | Queue | Scout Cavalry |
| 23:23 | Research | Bloodlines |
| 23:28 | Build | House |
| 24:01 | Queue | Spearman |
| 24:01 | Queue | Spearman |
| 24:08 | Queue | Militia |
| 24:08 | Queue | Militia |
| 24:27 | Queue | Militia |
| 24:28 | Queue | Militia |
| 24:28 | Age | Castle Age |
| 24:32 | Build | Lumber Camp |
| 24:34 | Queue | Villager (Male) |
| 24:41 | Research | Pikeman (upgrade) |
| 24:43 | Queue | Spearman |
| 24:47 | Queue | Villager (Male) |
| 25:01 | Research | Chain Mail Armor |
| 25:07 | Queue | Spearman |
| 25:23 | Queue | Spearman |
| 25:33 | Queue | Villager (Male) |
| 26:10 | Queue | Spearman |
| 26:10 | Queue | Spearman |
| 26:17 | Queue | Spearman |
| 26:17 | Queue | Spearman |
| 26:32 | Queue | Spearman |
| 26:32 | Queue | Spearman |
| 26:53 | Queue | Spearman |
| 26:53 | Queue | Spearman |
| 27:05 | Queue | Villager (Male) |
| 27:09 | Queue | Villager (Male) |
| 27:22 | Research | Squires |
| 27:35 | Build | House |
| 27:47 | Queue | Villager (Male) |
| 28:05 | Build | Town Center |
| 28:07 | Queue | Villager (Male) |
| 28:19 | Queue | Spearman |
| 28:23 | Queue | Spearman |
| 28:25 | Queue | Villager (Male) |
| 28:37 | Queue | Spearman |
| 28:37 | Queue | Spearman |
| 28:45 | Build | Castle |
| 28:57 | Queue | Villager (Male) |
| 29:02 | Queue | Villager (Male) |
| 29:13 | Build | Farm |
| 29:16 | Build | Palisade Wall |
| 29:22 | Build | Palisade Wall |
| 29:29 | Queue | Spearman |
Match timeline
| 4:56 | seabook · first_building Barracks |
| 6:20 | 啊这 · wall_segment Palisade Wall x6 |
| 7:18 | 啊这 · wall_segment Palisade Wall x8 |
| 7:35 | 啊这 · wall_segment Palisade Wall x6 |
| 7:43 | 啊这 · wall_segment Palisade Wall x8 |
| 7:52 | 啊这 · wall_segment Palisade Wall x10 |
| 7:58 | 啊这 · wall_segment Palisade Wall x1 |
| 8:24 | 啊这 · wall_segment Palisade Wall x5 |
| 8:26 | 啊这 · age_up feudal |
| 9:06 | seabook · age_up feudal |
| 9:49 | 啊这 · wall_segment Palisade Wall x2 |
| 10:15 | 啊这 · wall_segment Palisade Wall x1 |
| 11:02 | seabook · wall_segment Palisade Wall x1 |
| 11:03 | seabook · wall_segment Palisade Wall x1 |
| 11:04 | seabook · wall_segment Palisade Wall x1 |
| 11:04 | seabook · wall_segment Palisade Wall x1 |
| 11:08 | 啊这 · wall_segment Palisade Wall x3 |
| 13:28 | seabook · wall_segment Palisade Wall x1 |
| 13:30 | seabook · wall_segment Palisade Wall x1 |
| 15:00 | seabook · first_building Stable |
| 18:15 | 啊这 · first_market_sell 100 stone |
| 19:36 | seabook · first_market_buy 100 food |
| 20:16 | seabook · first_market_sell 100 wood |
| 20:36 | seabook · first_building Archery Range |
| 20:59 | 啊这 · age_up castle |
| 21:07 | 啊这 · first_building Castle |
| 23:06 | 啊这 · first_market_buy 100 wood |
| 24:28 | seabook · age_up castle |
| 27:47 | 啊这 · first_building Barracks |
| 28:45 | seabook · first_building Castle |
| 28:49 | 啊这 · first_building Archery Range |
| 29:16 | seabook · wall_segment Palisade Wall x1 |
| 29:22 | seabook · wall_segment Palisade Wall x1 |
| 30:19 | 啊这 · first_building Monastery |
| 32:27 | seabook · first_building Monastery |
| 35:57 | 啊这 · first_building Siege Workshop |
| 42:11 | seabook · age_up imperial |
| 45:27 | 啊这 · age_up imperial |
| 50:54 | seabook · resign |
[ AI ANALYSIS · 1 CREDIT ]
What really happened in this match?
Wolo.gg analyzes every decision: build order, eco, micro, common mistakes by bracket. Personalized analysis on WhatsApp or Discord in 30 seconds.
Civ guide
Mapuche
Perfil
啊这